 Dungeon Crawl Stone Soup version 0.27-a0-1202-ge72e49191c (webtiles) character file.

Game seed: 7680292853235196838

3376 robertstho the Zephyrmancer (level 10, -3/58 HPs)
             Began as a Tengu Air Elementalist on June 3, 2021.
             Killed from afar by a ynoxinul (25 damage)
             ... with an iron shot
             ... on level 1 of the Abyss.
             The game lasted 00:19:46 (10284 turns).

robertstho the Zephyrmancer (TeAE)                 Turns: 10284, Time: 00:19:47

Health: -3/58      AC:  3    Str:  9    XL:     10   Next: 3%
Magic:  1/23       EV: 15    Int: 19    God:
Gold:   249        SH:  0    Dex: 14    Spells: 7/25 levels left

rFire    + . .     SeeInvis .   g - +2 dagger (elec)
rCold    + . .     Faith    .   (no shield)
rNeg     . . .     Spirit   .   a - +1 robe
rPois    .         Reflect  .   (helmet restricted)
rElec    .         Harm     .   q - scarf {repulsion}
rCorr    .         Rampage  .   (no gloves)
Will     .....                  (boots unavailable)
Stlth    ++........             (no amulet)
HPRegen  0.19/turn              f - ring of protection from cold
MPRegen  0.18/turn              u - ring of protection from fire

@: about to teleport, flying quickly and evasively, repel missiles, quick
A: beak, talons 3, nimble flight
a: no special abilities


You were on level 1 of the Abyss.
You visited 2 branches of the dungeon, and saw 8 of its levels.
You visited the Abyss 1 time.

You collected 320 gold pieces.
You spent 71 gold pieces at shops.

Inventory:

Hand Weapons
 d - a +0 dagger
 g - a +2 dagger of electrocution (weapon)
Armour
 a - a +1 robe (worn)
 q - a scarf of repulsion (worn)
Jewellery
 f - a ring of protection from cold (left hand)
 m - a ring of protection from cold
 u - a ring of protection from fire (right hand)
Wands
 s - a wand of flame (12)
Scrolls
 b - a scroll of immolation
 c - 2 scrolls of enchant weapon
 e - a scroll of blinking
 h - a scroll of teleportation
 i - 2 scrolls of fog
 j - 5 scrolls of magic mapping
 k - a scroll of fear
 n - 2 scrolls of amnesia
Potions
 o - a potion of resistance {unknown}
 p - a potion of curing
 r - a potion of might {unknown}
 t - a potion of brilliance {unknown}
 v - a potion of heal wounds


   Skills:
 * Level 4.4 Fighting
 + Level 2.1 Short Blades
 + Level 2.9 Dodging
 + Level 3.8 Stealth
 * Level 8.3 Spellcasting
 + Level 3.5 Conjurations
 * Level 11.3 Air Magic


You had 7 spell levels left.
You knew the following spells:

 Your Spells              Type           Power      Damage    Failure   Level
a - Shock                 Conj/Air       100%       1d9       1%          1
b - Static Discharge      Conj/Air       36%        N/A       1%          2
c - Swiftness             Air            50%        N/A       1%          3
d - Airstrike             Air            25%        N/A       1%          4
e - Mephitic Cloud        Conj/Pois/Air  26%        N/A       3%          3
f - Lightning Bolt        Conj/Air       18%        1d32      12%         5

Your spell library contained the following spells:

 Spells                   Type           Power      Damage    Failure   Level
 Magic Dart               Conj           84%        1d7       1%          1
 Blink                    Tloc           N/A        N/A       13%         2
 Call Imp                 Summ           7%         N/A       13%         2
 Slow                     Hex            7%         N/A       13%         2
 Conjure Flame            Conj/Fire      14%        6-21      13%         3


Dungeon Overview and Level Annotations

Branches:
Dungeon (7/15)             Temple (1/1) D:5

Altars:
Ashenzari
Cheibriados
Dithmenos
Elyvilon
Gozag
Hepliaklqana
Kikubaaqudgha
Nemelex Xobeh
Okawaru
Qazlal
Ru
Sif Muna
Uskayaw
Vehumet
Wu Jian
Xom
Yredelemnul
Zin
The Shining One

Shops:
D:3 ?

Portals:
Bailey: D:7

Annotations:
D:2 1 runed translucent door, Crazy Yiuf
D:3 1 runed translucent door, Naiya55's ghost, amateur NaFE


Innate Abilities, Weirdness & Mutations

You have a beak for a mouth.
You have claws for feet.
Your magical nature lets you fly swiftly and evasively.


Message History

Confirm with . or Enter, or press ? or * to list all spells.
Aiming: Airstrike (dangerous; 1% risk of failure)
Press: ? - help, Dir - move target, f - neqoxec
Aim: a neqoxec The air twists around and strikes the neqoxec!
The neqoxec is moderately wounded.
Casting: Airstrike (dangerous; 1% risk of failure)
Confirm with . or Enter, or press ? or * to list all spells.
Aiming: Airstrike (dangerous; 1% risk of failure)
Press: ? - help, Dir - move target, f/p - neqoxec
Aim: a neqoxec (moderately wounded)
The air twists around and strikes the neqoxec.
The neqoxec is heavily wounded.
The neqoxec hits you!
You hit the neqoxec but do no damage.
The neqoxec is heavily wounded.
The neqoxec hits you.
You barely miss the neqoxec.
The neqoxec is heavily wounded.
The neqoxec hits you but does no damage.
You hit the neqoxec. Lightning courses through the neqoxec!
You kill the neqoxec!
You have reached level 10!
You hit the ynoxinul.
The ynoxinul is lightly wounded.
The ynoxinul barely misses you.
Casting: Airstrike (dangerous; 1% risk of failure)
Confirm with . or Enter, or press ? or * to list all spells.
Aiming: Airstrike (dangerous; 1% risk of failure)
Press: ? - help, Dir - move target, f - ynoxinul
Aim: a ynoxinul The air twists around and strikes the ynoxinul!
The ynoxinul is moderately wounded.
The ynoxinul hits you.
Unknown command.
You closely miss the ynoxinul. Your kick misses the ynoxinul.
The ynoxinul is moderately wounded.
The ynoxinul gestures at you. The iron shot hits you!!
You die...

# ##.. .#
.### .# . ..
.. ... ###.
..# ###. ##
###
≈#.#####..
..# #@# # #.
###.#..###3#
≈≈..
..##...##
..§ ≈≈# ....
#....##.
≈≈≈..
.##......#
.# ≈≈#.#. .
3#3### # #≈
≈.#. .
.#.#.# . ≈
...... ...#
# ≈ #...#
.##


You could see a smoke demon and a ynoxinul.

Vanquished Creatures
  6 yaks (D:5)
  A neqoxec (Abyss:1)
  A steam dragon (D:5)
  Menkaure (D:4)
  A chaos spawn (Abyss:1)
  2 water moccasins
  2 ice beasts (D:5)
  2 sky beasts
  An ogre (D:6)
  2 necrophages
  A centaur (D:5)
  2 phantoms
  An earth elemental (Abyss:1)
  A scorpion (D:5)
  A bullfrog zombie (D:6)
  An orc priest (D:6)
  A bullfrog skeleton (D:4)
  A gnoll shaman (D:7)
  5 hounds
  3 jellies
  4 iguanas
  An orc wizard (D:4)
  A scorpion zombie (D:5)
  A killer bee zombie (D:6)
  A hound skeleton (D:4)
  Robin (D:2)
  13 gnolls
  3 adders
  A shadow imp (D:5)
  A white imp (D:6)
  2 ufetubi
  2 dart slugs
  2 worms
  15 orcs
  11 endoplasms
  2 giant cockroaches
  16 goblins
  10 hobgoblins
  3 jackals
  4 kobolds
  4 quokkas
  10 ball pythons
  7 bats
  4 frilled lizards
  10 rats
165 creatures vanquished.

Vanquished Creatures (others)
  5 plants (D:2)
5 creatures vanquished.

Grand Total: 170 creatures vanquished

Notes
Turn   | Place    | Note
-------+----------+-------------------------------------------
     0 | D:1      | robertstho the Tengu Air Elementalist began the quest for
                  | the Orb.
     0 | D:1      | Reached XP level 1. HP: 10/10 MP: 4/4
   387 | D:1      | Reached XP level 2. HP: 16/16 MP: 4/6
   760 | D:1      | Learned a level 2 spell: Static Discharge
   844 | D:1      | Reached skill level 5 in Air Magic
   980 | D:1      | Reached XP level 3. HP: 20/20 MP: 4/7
  1363 | D:2      | Noticed Robin
  1808 | D:2      | Reached XP level 4. HP: 24/24 MP: 8/8
  2118 | D:2      | Found a faded altar of an unknown god.
  2175 | D:2      | Found a runed translucent door.
  2176 | D:2      | Noticed Crazy Yiuf
  2671 | D:2      | Killed Robin
  2672 | D:2      | Reached skill level 6 in Air Magic
  2672 | D:2      | Gained mutation: Your magical nature lets you fly swiftly
                  | and evasively. [Tengu growth]
  2672 | D:2      | Reached XP level 5. HP: 6/28 MP: 3/10
  3198 | D:3      | Found Foacimu's Magic Scroll Shop.
  3208 | D:3      | Learned a level 3 spell: Swiftness
  3211 | D:3      | Bought a scroll of fear for 38 gold pieces
  3211 | D:3      | Bought a scroll of teleportation for 33 gold pieces
  3442 | D:3      | Found a runed translucent door.
  3442 | D:3      | Noticed Naiya55's ghost (amateur NaFE)
  3595 | D:3      | Reached skill level 1 in Fighting
  3889 | D:3      | Found a shimmering altar of Xom.
  4382 | D:4      | Reached skill level 1 in Short Blades
  4382 | D:4      | Reached XP level 6. HP: 34/34 MP: 11/11
  4387 | D:4      | Learned a level 4 spell: Airstrike
  4574 | D:4      | Noticed Menkaure
  4579 | D:4      | Killed Menkaure
  4890 | D:4      | Reached XP level 7. HP: 33/40 MP: 13/13
  5561 | D:5      | Entered Level 5 of the Dungeon
  5573 | D:4      | Reached skill level 7 in Air Magic
  5661 | D:5      | Noticed a yak
  5663 | D:5      | Noticed a yak
  5687 | D:5      | Killed a yak
  5688 | D:5      | Reached XP level 8. HP: 20/45 MP: 1/16
  5881 | D:5      | Reached skill level 5 in Spellcasting
  5902 | D:5      | Noticed a yak
  5902 | D:5      | Noticed a yak
  5902 | D:5      | Noticed a yak
  5903 | D:5      | Noticed a yak
  5920 | D:5      | Killed a yak
  5921 | D:5      | Reached skill level 8 in Air Magic
  5924 | D:5      | Killed a yak
  6119 | D:4      | Learned a level 3 spell: Mephitic Cloud
  6139 | D:5      | Found a staircase to the Ecumenical Temple.
  6149 | Temple   | Entered the Ecumenical Temple
  6638 | D:4      | Reached skill level 9 in Air Magic
  7011 | D:5      | Found an iron altar of Okawaru.
  7239 | D:5      | Reached XP level 9. HP: 51/51 MP: 2/19
  7353 | D:5      | Learned a level 5 spell: Lightning Bolt
  7555 | D:5      | Reached skill level 10 in Air Magic
  7722 | D:5      | Found a shimmering blue altar of Sif Muna.
  9272 | D:6      | Reached skill level 11 in Air Magic
  9851 | D:7      | Found a flagged portal.
  9851 | D:7      | Cast into level 1 of the Abyss (orc)
  9896 | Abyss:1  | Noticed a green death
 10025 | Abyss:1  | Noticed an ancient zyme
 10061 | Abyss:1  | Noticed a large abomination
 10065 | Abyss:1  | Noticed a smoke demon
 10067 | Abyss:1  | Noticed a lich
 10219 | Abyss:1  | Noticed a smoke demon
 10226 | Abyss:1  | Noticed an orange demon
 10282 | Abyss:1  | Reached XP level 10. HP: 23/58 MP: 4/23
 10284 | Abyss:1  | Killed from afar by a ynoxinul

Illustrated notes

Levels and vault maps discovered:
D:1:      dpeg_arrival_fog, layout_loops_cross
D:2:      layout_loops_ring, chequers_ecumenical_altar_lobes, dk_noncrumbling_2,
          grunt_decor_mini_mirrors, uniq_crazy_yiuf_cottage, uniq_robin
D:3:      minmay_diamond_boxcup, layout_loops_ring,
          lemuel_coloured_pillars_altar, hellmonk_ghost_happy_afterlife,
          serial_shops, shop_fountains
D:4:      layout_basic, grunt_decor_arrowhead, st_stairs_9, uniq_menkaure
D:5:      minmay_skewed_foursquare, layout_loops_ring,
          okawaru_ov_weapons_minmay, kennysheep_mini_moat, corner_web_ring,
          minmay_liquid_box
D:6:      cheibrodos_iron_armory, layout_loops_corners, minmay_misc_feat_rugged,
          grunt_decor_cap
D:7:      layout_basic, enter_bailey_3, hangedman_decor_points
Temple:   nicolae_temple_elliptical
Abyss:1:  base: D:6, minivault_5, lemuel_flamethrower_3, abyss_exit_lava,
          guppyfry_abyss_exit_imp_island

Skill      XL: |  1  2  3  4  5  6  7  8  9 |
---------------+----------------------------+-----
Air Magic      | 5 6 7 9 11 | 11.3
Conjurations   | 2 3 |  3.5
Fighting       | 1 2 3 4 |  4.4
Spellcasting   | 3 4 6 8 |  8.3
Short Blades   | 1 2 |  2.1
Stealth        | 3 |  3.8
Dodging        | |  2.9

Action                   |  1- 3 |  4- 6 |  7- 9 | 10-12 || total
-------------------------+-------+-------+-------+-------++-------
Melee: Unarmed           |     4 |       |       |       ||     4
       Dagger            |     5 |    83 |    44 |     2 ||   134
       Kick              |     1 |     9 |     7 |       ||    17
       Peck              |       |     8 |     4 |       ||    12
 Cast: Shock             |    72 |    42 |    29 |       ||   143
       Static Discharge  |     2 |    13 |    20 |       ||    35
       Airstrike         |       |     2 |    87 |     1 ||    90
       Mephitic Cloud    |       |       |     1 |       ||     1
  Use: Scroll            |     2 |     5 |     6 |       ||    13
       Potion            |       |       |     2 |       ||     2
 Stab: Sleeping          |     1 |     9 |     2 |       ||    12
Armor: Robe              |     2 |    12 |     9 |       ||    23
Dodge: Dodged            |    17 |    61 |    69 |     1 ||   148

Table legend: (Time is in decaauts)
 A = Elapsed time spent in this place.
 B = Non-inter-level travel time spent in this place.
 C = Inter-level travel time spent in this place.
 D = Time resting spent in this place.
 E = Time spent auto-exploring this place.
 F = Levels seen in this place.
 G = Mean time per level.
                   A        B        C        D        E       F      G
               +--------+--------+--------+--------+--------+-----+--------+
         Total |   9890 |   9513 |    377 |   1130 |   7275 |   9 | 1098.9 |
       Dungeon |   9322 |   8971 |    351 |   1041 |   6978 |   7 | 1331.7 |
        Temple |    152 |    126 |     26 |      0 |    126 |   1 |  152.0 |
         Abyss |    415 |    415 |      0 |     88 |    170 |   1 |  415.0 |
               +--------+--------+--------+--------+--------+-----+--------+

Top non-repeatable levels by time:
     D:2: 2001 daAuts
     D:4: 1977 daAuts
     D:5: 1745 daAuts
     D:6: 1374 daAuts
     D:1: 1167 daAuts
     D:3: 799 daAuts
 Abyss:1: 415 daAuts
     D:7: 255 daAuts
  Temple: 152 daAuts
